 Dungeon Crawl Stone Soup version 0.30.1 (webtiles) character file.

Game seed: 13882965826816479670

188 Sanktem7 the Chopper (level 5, -1/47 HPs)
             Began as a Minotaur Fighter on July 7, 2023.
             Slain by Grinder (6 damage)
             ... while paralysed by Grinder
             ... on level 4 of the Dungeon.
             The game lasted 00:04:39 (2840 turns).

Sanktem7 the Chopper (Minotaur Fighter)             Turns: 2840, Time: 00:04:39

Health: -1/47      AC:  7    Str: 23    XL:     5   Next: 39%
Magic:  4/4        EV:  2    Int:  5    God:
Gold:   223        SH:  0    Dex:  9    Spells: 4/4 levels left

rFire   . . .        a - +0 war axe {axe}
rCold   + + .        c - +0 buckler
rNeg    . . .        b - +0 scale mail
rPois   .            (helmet restricted)
rElec   .            (no cloak)
rCorr   .            (no gloves)
SInv    .            (no boots)
Will    .....        (no amulet) Stlth
                     v - ring of protection from cold
HPRegen 0.27/turn    y - ring of protection from cold
MPRegen 0.09/turn

%: no passive effects
@: paralysed, weakened
A: horns 2, retaliatory headbutt
a: no special abilities


You were on level 4 of the Dungeon.
You visited 1 branch of the dungeon, and saw 4 of its levels.

You collected 223 gold pieces.


Innate Abilities, Weirdness & Mutations

You have a pair of horns on your head.
You reflexively headbutt those who attack you in melee.


   Skills:
 + Level 4.6 Fighting
 * Level 4.7 Axes
 + Level 4.5 Armour
 + Level 4.6 Shields


You had 4 spell levels left.
You didn't know any spells.
Your spell library contained the following spells:

 Spells                   Type           Power      Damage    Failure   Level
 Slow                     Hex            0%         N/A       83%         1
 Confusing Touch          Hex            0%         N/A       99%         3
 Vampiric Draining        Necr           0%         2d6       99%         3
 Petrify                  Tmut/Erth      0%         N/A       100%        4
 Metabolic Englaciation   Hex/Ice        0%         N/A       100%        5
 Statue Form              Tmut/Erth      0%         N/A       100%        6

Inventory:

Hand Weapons
 a - a +0 war axe (weapon) {axe}
 u - the +4 spear of Excruciating Pain {freeze, Will++, polearm}
   (You took it off a hobgoblin on level 3 of the Dungeon)

   Will:      It greatly increases your willpower.
Missiles
 g - 18 stones (quivered) {throwing}
 B - 4 poisoned darts {throwing}
Armour
 b - a +0 scale mail (worn)
 c - a +0 buckler (worn)
Jewellery
 v - a ring of protection from cold (left hand)
   (You found it on level 3 of the Dungeon)
 y - a ring of protection from cold (right hand)
   (You found it on level 3 of the Dungeon)
Scrolls
 f - a scroll of enchant weapon {unknown}
 h - a scroll of blinking {unknown}
 j - a scroll of identify {unknown}
 n - 2 scrolls of magic mapping {unknown}
 o - a scroll of immolation {unknown}
 q - a scroll of fog {unknown}
 r - a scroll of teleportation {unknown}
 t - a scroll of amnesia {unknown}
Potions
 d - a potion of might
 e - a potion of berserk rage {unknown}
 i - a potion of ambrosia {unknown}
 k - 2 potions of curing {unknown}
 l - 3 potions of heal wounds {unknown}
 m - a potion of brilliance {unknown}
 p - a potion of resistance {unknown}
 z - a potion of lignification {unknown}

Dungeon Overview and Level Annotations

Branches:
Dungeon (4/15) Zot: 21076
 Temple: D:4-7

Altars:

Shops:
D:4 :

Annotations:
D:4 Grinder

#.## ...# #..#
#..#
.######..#####.
.............<. .
#######.(#######
##.. #........#
..... .
#.######@#..[...
..######.#.)..rg5#
.........#.####gg#
...........# #..#
#.....#.#..# #..#
#.#+#..∩...# #..#
#..##.#..# #.g#
.##.##.†..# #...
..........# ....


You could see Grinder, a gnoll bouda, 3 gnolls and a quokka.


Message History

No target in view!
No target in view!
No target in view!
There is an open door here.
Key pressed, stopping explore.
As you open the door, it creaks loudly!
A rat comes into view.
Found a stone staircase leading down. 😎 HP[+3]
Your hp is fully restored (47).
A rat is nearby!
The rat closely misses you.
There is an open door here.
You closely miss the rat. You headbutt the rat.
You kill the rat!
No target in view!
No target in view!
No target in view!
No target in view!
B - 4 poisoned darts {throwing} You open the door.
There is an open door here.
You see here a rat corpse.
There is an open door here.
There is an open door here.
Key pressed, stopping explore.
Done exploring.
Done exploring.
There is a stone staircase leading down here.
You can't go up here!
You drop a +2 dagger of venom {short}.
You drop a +1 dagger of venom {short}.
You drop a +1 whip of venom {mace}.
You drop an orb of energy.
v - a ring of protection from cold (left hand)
y - a ring of protection from cold (right hand)
You drop a ring of ice.
You climb downwards.
You hear the sound of rushing water.
There is an entrance to a sewer on this level.
Hurry and find it before the portal rusts away!
There is a stone staircase leading up here.
As you open the door, it creaks loudly!
There is an open door here.
You hear the slow rusting of a very distant drain.
A hobgoblin comes into view.
The hobgoblin shouts!
Found Diygan's Book Boutique.
The hobgoblin hits you but does no damage.
You slash the hobgoblin!
You kill the hobgoblin!
You see here a hobgoblin corpse.
There is an entrance to Diygan's Book Boutique here.
Found an escape hatch in the ceiling.
h - a scroll labelled QITUGINEGU Grinder and a gnoll come into view.
Grinder shouts!
The gnoll shouts!
You hear a shout!
A gnoll comes into view. It is wielding a +0 spear.
The gnoll shouts!
You barely miss Grinder. You headbutt Grinder, but do no damage.
A quokka comes into view.
Grinder misses you.
A gnoll bouda comes into view. It is wielding a +0 whip.
The gnoll bouda shouts!
You hit Grinder. You headbutt Grinder. Grinder completely misses you.
You furiously retaliate!
You headbutt Grinder!
The gnoll bouda gazes fiercely through you!
You feel your attacks grow feeble.
You hear a shout!
Grinder hits you!
You writhe in agony. 😮 HP[-12]
You take 12 damage, and now have 35/47 hp.
MASSIVE DAMAGE!! (PAUSE)
You closely miss Grinder. You headbutt Grinder, but do no damage.
Grinder gestures at you.
You suddenly lose the ability to move!
The gnoll bouda gazes fiercely through you!
You feel as though you will be weak longer.
The gnoll bouda barks out a call to the hunt!
The gnolls pick up the pace!
Grinder hits you. Grinder hits you but does no damage.
The gnoll hits you with a +0 whip!
The gnoll hits you from afar with a +0 spear.
* * * LOW HITPOINT WARNING * * *
Grinder gestures at you. Pain shoots through your body!
* * * LOW HITPOINT WARNING * * *
The quokka bites you.
* * * LOW HITPOINT WARNING * * *
The gnoll barely misses you.
The gnoll hits you from afar with a +0 spear.
* * * LOW HITPOINT WARNING * * *
A gnoll comes into view. It is wielding a +0 club.
Grinder says, "You look like you could use a good racking."
Grinder barely misses you.
The gnoll bouda gazes fiercely through you!
You feel as though you will be weak longer.
The quokka bites you but does no damage.
The gnoll hits you but does no damage. x2; Grinder hits you.
You die...

Skill      XL: |  1  2  3  4 |
---------------+-------------+-----
Axes           | 3 4 |  4.7
Fighting       | 4 |  4.6
Shields        | 4 |  4.6
Armour         | 4 |  4.5

Action                     |  1- 3 |  4- 6 || total
---------------------------+-------+-------++-------
  Melee: War axe           |    84 |    65 ||   149
         Headbutt          |    13 |    16 ||    29
 Armour: Scale mail        |    45 |    48 ||    93
  Dodge: Dodged            |    34 |    44 ||    78
  Block: Buckler           |    18 |    18 ||    36

Levels and vault maps discovered:
D:1:      dpeg_chamrin_arrival_tetris, layout_loops_cross
D:2:      layout_rooms, ebering_ecumenical_altar_ruins, minmay_tetromino_l2
D:3:      kennysheep_slugbush, layout_basic, kennysheep_generic_room_16
D:4:      layout_basic, minmay_temple_entry_butterflies,
          cheibrodos_sewer_entry_bend, serial_shops, nicolae_shop_crystal,
          minmay_goblin_kobold_house, uniq_grinder

Notes
Turn   | Place    | Note
-------+----------+-------------------------------------------
     0 | D:1      | Sanktem7 the Minotaur Fighter began the quest for the Orb.
     0 | D:1      | Reached XP level 1. HP: 19/19 MP: 0/0
     0 | D:1      | magus.rc [v1.9.6]
   202 | D:1      | Reached XP level 2. HP: 26/27 MP: 1/1
   288 | D:1      | Reached skill level 3 in Axes
   566 | D:1      | You pick up a book of Sloth and begin reading...
   566 | D:1      | You add the spells Petrify, Metabolic Englaciation and
                  | Statue Form to your library.
   749 | D:2      | Found a faded altar of an unknown god.
   766 | D:2      | Reached skill level 4 in Fighting
   809 | D:2      | Reached skill level 4 in Shields
   809 | D:2      | Reached XP level 3. HP: 31/33 MP: 2/2
   861 | D:2      | Reached skill level 4 in Armour
  1375 | D:3      | Reached XP level 4. HP: 32/40 MP: 3/3
  1570 | D:3      | Reached skill level 4 in Axes
  1826 | D:3      | Identified the +4 spear of Excruciating Pain {freeze,
                  | Will++}
  1834 | D:3      | Reached XP level 5. HP: 24/47 MP: 4/4
  2169 | D:3      | You pick up a book of Debilitation and begin reading...
  2169 | D:3      | You add the spells Slow, Vampiric Draining and Confusing
                  | Touch to your library.
  2805 | D:4      | Found Diygan's Book Boutique.
  2832 | D:4      | Noticed Grinder
  2836 | D:4      | Paralysed by Grinder for 5 turns
  2838 | D:4      | HP: 11/47 [Grinder/nerve-wracking pain (8)]
  2839 | D:4      | HP: 4/47 [gnoll/+0 spear[a gnoll bouda] (3)]
  2840 | D:4      | Slain by Grinder

Vanquished Creatures
  3 gnolls (D:3)
  4 adders
  3 worms (D:2)
  13 dart slugs
  7 orcs (D:3)
  9 ball pythons
  10 endoplasms
  A giant cockroach (D:1)
  A goblin (D:3)
  4 hobgoblins
  6 quokkas
  4 bats
  2 frilled lizards
  6 kobolds
  6 rats
79 creatures vanquished.

Table legend:
 A = Non-vault XP
 B = Vault XP
 C = Vault XP percentage of total XP
 D = Non-vault monster count
 E = Vault monster count
 F = Vault count percentage of total count
                 A         B        C        D         E       F
            +---------+---------+-------+---------+---------+-------
      Total |     221 |      48 |  17.8 |      65 |      14 |  17.7
            +---------+---------+-------+---------+---------+-------
        D:1 |      36 |       0 |   0.0 |      19 |       0 |   0.0
        D:2 |      50 |       3 |   5.7 |      17 |       2 |  10.5
        D:3 |     133 |      45 |  25.3 |      28 |      12 |  30.0
        D:4 |       2 |       0 |   0.0 |       1 |       0 |   0.0
            +---------+---------+-------+---------+---------+-------

Skill      XL: |  1  2  3  4 |
---------------+-------------+-----
Axes           | 3 4 |  4.7
Fighting       | 4 |  4.6
Shields        | 4 |  4.6
Armour         | 4 |  4.5

Action                     |  1- 3 |  4- 6 || total
---------------------------+-------+-------++-------
  Melee: War axe           |    84 |    65 ||   149
         Headbutt          |    13 |    16 ||    29
 Armour: Scale mail        |    45 |    48 ||    93
  Dodge: Dodged            |    34 |    44 ||    78
  Block: Buckler           |    18 |    18 ||    36

Illustrated notes

Table legend:
 A = Kills in this place as a percentage of kills in the entire game.
 B = Kills by you in this place as a percentage of kills by you in the entire game.
 C = Kills by friends in this place as a percentage of kills by friends in the entire game.
 D = Other kills in this place as a percentage of other kills in the entire game.
 E = Experience gained in this place as a percentage of experience gained in the entire game.
 F = Experience gained in this place divided by the number of levels of this place that you have seen.
                   A       B       C       D       E      F
               +-------+-------+-------+-------+-------+----------------------
         Total | 100.0 | 100.0 |   N/A |   N/A | 100.0 |  67.2
       Dungeon | 100.0 | 100.0 |   N/A |   N/A | 100.0 |  67.2
               +-------+-------+-------+-------+-------+----------------------

Table legend: (Time is in decaauts)
 A = Elapsed time spent in this place.
 B = Non-inter-level travel time spent in this place.
 C = Inter-level travel time spent in this place.
 D = Time resting spent in this place.
 E = Time spent auto-exploring this place.
 F = Levels seen in this place.
 G = Mean time per level.
                   A        B        C        D        E       F      G
               +--------+--------+--------+--------+--------+-----+--------+
         Total |   2922 |   2821 |    101 |    291 |   1849 |   4 |  730.5 |
       Dungeon |   2922 |   2821 |    101 |    291 |   1849 |   4 |  730.5 |
               +--------+--------+--------+--------+--------+-----+--------+

Top non-repeatable levels by time:
     D:3: 1264 daAuts
     D:2: 799 daAuts
     D:1: 763 daAuts
     D:4: 94 daAuts
